[ AOE2 MATCH · #470628753 ]
Team RMJapanese vs Bohemians
[ REPLAY ANALYSIS · EXTRACTED FROM THE RECORDED GAME ]
Feudal
10:39
Castle
—
Imperial
—
| APM avg | 9.5 |
| APM peak | 19 |
| eAPM avg | 5.6 |
| Villagers / military | 26 / 0 |
Focus
⚔️ 1.4% · 🌾 98.6%
Fishing Ship ×2
Feudal
—
Castle
—
Imperial
—
| APM avg | 0.2 |
| APM peak | 2 |
| eAPM avg | 0.2 |
| Villagers / military | 0 / 0 |
Feudal
10:44
Castle
—
Imperial
—
| APM avg | 12.3 |
| APM peak | 19 |
| eAPM avg | 7.1 |
| Villagers / military | 24 / 0 |
Focus
⚔️ 2.5% · 🌾 97.5%
Feudal
12:16
Castle
—
Imperial
—
| APM avg | 10.9 |
| APM peak | 32 |
| eAPM avg | 6.9 |
| Villagers / military | 26 / 2 |
Focus
⚔️ 3.3% · 🌾 96.7%
Spearman ×2
Feudal
10:09
Castle
—
Imperial
—
| APM avg | 31.8 |
| APM peak | 59 |
| eAPM avg | 14.9 |
| Villagers / military | 31 / 11 |
Focus
⚔️ 13.6% · 🌾 86.4%
Militia ×11
Feudal
—
Castle
—
Imperial
—
| APM avg | 0.2 |
| APM peak | 2 |
| eAPM avg | 0.2 |
| Villagers / military | 0 / 0 |
Feudal
11:42
Castle
—
Imperial
—
| APM avg | 22.3 |
| APM peak | 66 |
| eAPM avg | 6.7 |
| Villagers / military | 29 / 0 |
Focus
⚔️ 11.5% · 🌾 88.5%
Feudal
11:42
Castle
—
Imperial
—
| APM avg | 26.5 |
| APM peak | 97 |
| eAPM avg | 8.8 |
| Villagers / military | 31 / 0 |
Focus
⚔️ 4.2% · 🌾 95.8%
Match map
Resources at game start + every placement click. Thick line = wall · dashed box = detected house wall. 🟡 gold · ⚪ stone · 🟢 berries · 🔶 boar · ⭕ relic
Inputs per minute
— 07jriley - - ZQuancroft
Build order — 07jriley
48 actions detected in the replay
| 0:08 | Build | House |
| 0:18 | Create | Villager (Male) |
| 0:18 | Create | Villager (Male) |
| 0:18 | Create | Villager (Male) |
| 0:19 | Create | Villager (Male) |
| 0:19 | Create | Villager (Male) |
| 0:19 | Create | Villager (Male) |
| 0:31 | Build | House |
| 0:54 | Build | House |
| 2:10 | Create | Villager (Male) |
| 2:25 | Create | Villager (Male) |
| 3:35 | Create | Villager (Male) |
| 3:35 | Create | Villager (Male) |
| 3:36 | Create | Villager (Male) |
| 4:06 | Create | Villager (Male) |
| 4:54 | Build | Mill |
| 5:34 | Create | Villager (Male) |
| 5:35 | Create | Villager (Male) |
| 6:04 | Create | Villager (Male) |
| 7:02 | Build | Lumber Camp |
| 7:10 | Create | Villager (Male) |
| 7:11 | Create | Villager (Male) |
| 7:23 | Build | House |
| 7:26 | Build | House |
| 8:04 | Create | Villager (Male) |
| 8:26 | Research | Feudal Age |
| 9:25 | Build | Dock |
| 10:39 | Age | Feudal Age |
| 10:49 | Build | House |
| 10:51 | Create | Fishing Ship |
| 10:52 | Create | Fishing Ship |
| 10:59 | Research | Wheelbarrow |
| 11:20 | Build | Mill |
| 11:42 | Build | House |
| 11:52 | Build | Blacksmith |
| 12:04 | Create | Villager (Male) |
| 12:04 | Create | Villager (Male) |
| 12:04 | Create | Villager (Male) |
| 12:04 | Create | Villager (Male) |
| 12:40 | Research | Tech 906 |
| 12:50 | Build | Mining Camp |
| 13:10 | Build | Market |
| 14:01 | Create | Villager (Male) |
| 14:01 | Create | Villager (Male) |
| 14:02 | Create | Villager (Male) |
| 14:38 | Build | Farm |
| 15:03 | Build | Farm |
| 15:05 | Create | Villager (Male) |
Build order — ZQuancroft
0 actions detected in the replay
Build order — Xemcio
46 actions detected in the replay
| 0:02 | Create | Villager (Male) |
| 0:02 | Create | Villager (Male) |
| 0:03 | Create | Villager (Male) |
| 0:03 | Create | Villager (Male) |
| 0:04 | Build | House |
| 0:05 | Build | House |
| 0:43 | Build | House |
| 0:45 | Create | Villager (Male) |
| 1:24 | Build | Mill |
| 2:01 | Research | Loom |
| 2:17 | Create | Villager (Male) |
| 3:08 | Create | Villager (Male) |
| 3:51 | Create | Villager (Male) |
| 3:51 | Create | Villager (Male) |
| 4:29 | Create | Villager (Male) |
| 4:47 | Create | Villager (Male) |
| 4:47 | Create | Villager (Male) |
| 5:08 | Create | Villager (Male) |
| 5:44 | Create | Villager (Male) |
| 5:44 | Create | Villager (Male) |
| 5:58 | Build | Mill |
| 6:27 | Build | House |
| 6:29 | Build | House |
| 7:36 | Create | Villager (Male) |
| 8:34 | Research | Feudal Age |
| 8:53 | Create | Villager (Male) |
| 9:16 | Build | Mining Camp |
| 10:22 | Build | Mining Camp |
| 10:36 | Build | Lumber Camp |
| 10:44 | Age | Feudal Age |
| 11:23 | Create | Villager (Male) ×5 |
| 12:03 | Research | Double-Bit Axe |
| 12:05 | Create | Villager (Male) |
| 12:05 | Create | Villager (Male) |
| 13:26 | Build | House |
| 13:28 | Build | House |
| 13:29 | Build | House |
| 13:43 | Build | House |
| 13:59 | Build | Farm |
| 13:59 | Build | Farm |
| 14:00 | Build | Farm |
| 14:00 | Build | Farm |
| 14:00 | Build | Farm |
| 14:00 | Build | Farm |
| 14:36 | Build | House |
| 14:38 | Build | Farm |
Build order — kurry89
46 actions detected in the replay
| 0:04 | Build | House |
| 0:05 | Build | House |
| 0:06 | Create | Villager (Male) |
| 0:06 | Create | Villager (Male) |
| 0:06 | Create | Villager (Male) |
| 0:07 | Create | Villager (Male) |
| 1:08 | Create | Villager (Male) |
| 1:09 | Create | Villager (Male) |
| 2:04 | Create | Villager (Male) |
| 2:04 | Create | Villager (Male) |
| 2:20 | Build | Mill |
| 2:29 | Create | Villager (Male) |
| 2:30 | Create | Villager (Male) |
| 3:34 | Create | Villager (Male) |
| 3:35 | Create | Villager (Male) |
| 3:35 | Create | Villager (Male) |
| 4:23 | Create | Villager (Male) |
| 4:24 | Create | Villager (Male) |
| 4:28 | Build | House |
| 5:20 | Build | Lumber Camp |
| 5:31 | Build | Lumber Camp |
| 5:36 | Create | Villager (Male) |
| 5:37 | Create | Villager (Male) |
| 5:37 | Create | Villager (Male) |
| 5:37 | Create | Villager (Male) |
| 6:01 | Create | Villager (Male) |
| 6:44 | Build | House |
| 7:21 | Create | Villager (Male) |
| 7:21 | Create | Villager (Male) |
| 7:22 | Create | Villager (Male) |
| 7:48 | Build | Mill |
| 8:45 | Create | Villager (Male) |
| 8:46 | Create | Villager (Male) |
| 8:47 | Create | Villager (Male) |
| 9:20 | Build | Barracks |
| 9:50 | Build | Mining Camp |
| 10:06 | Research | Feudal Age |
| 12:16 | Age | Feudal Age |
| 12:32 | Build | Market |
| 12:37 | Build | Blacksmith |
| 13:50 | Build | Farm |
| 14:04 | Build | Farm |
| 14:14 | Build | Farm |
| 14:42 | Research | Castle Age |
| 14:59 | Create | Spearman |
| 14:59 | Create | Spearman |
Build order — kubeszek
74 actions detected in the replay
| 0:02 | Build | House |
| 0:04 | Build | House |
| 0:04 | Create | Villager (Male) |
| 0:04 | Create | Villager (Male) |
| 0:05 | Create | Villager (Male) |
| 0:05 | Create | Villager (Male) |
| 0:42 | Create | Villager (Male) |
| 1:36 | Create | Villager (Male) |
| 1:58 | Create | Villager (Male) |
| 2:17 | Create | Villager (Male) |
| 2:59 | Create | Villager (Male) |
| 3:25 | Build | Lumber Camp |
| 3:34 | Create | Villager (Male) |
| 3:46 | Build | House |
| 4:06 | Create | Villager (Male) |
| 4:13 | Create | Villager (Male) |
| 4:14 | Create | Villager (Male) |
| 4:51 | Create | Villager (Male) |
| 4:52 | Create | Villager (Male) |
| 5:23 | Create | Villager (Male) |
| 5:23 | Create | Villager (Male) |
| 5:26 | Build | House |
| 6:18 | Create | Villager (Male) |
| 6:22 | Build | Mill |
| 6:37 | Create | Villager (Male) |
| 6:37 | Create | Villager (Male) |
| 7:16 | Create | Villager (Male) |
| 7:16 | Create | Villager (Male) |
| 7:23 | Build | House |
| 7:46 | Research | Feudal Age |
| 8:05 | Build | Mining Camp |
| 8:50 | Build | Mill |
| 9:13 | Create | Villager (Male) |
| 9:49 | Research | Loom |
| 10:09 | Age | Feudal Age |
| 10:10 | Research | Double-Bit Axe |
| 10:29 | Build | Barracks |
| 10:39 | Build | Barracks |
| 10:46 | Research | Gold Mining |
| 10:48 | Create | Villager (Male) |
| 10:48 | Create | Villager (Male) |
| 11:07 | Create | Villager (Male) |
| 11:24 | Research | Man-at-Arms (upgrade) |
| 11:29 | Build | Blacksmith |
| 11:39 | Create | Villager (Male) |
| 11:39 | Create | Villager (Male) |
| 11:39 | Create | Villager (Male) |
| 11:47 | Create | Militia |
| 11:47 | Create | Militia |
| 11:47 | Create | Militia |
| 11:48 | Create | Militia |
| 11:51 | Build | Farm |
| 11:51 | Build | Farm |
| 11:52 | Build | Farm |
| 12:08 | Research | Horse Collar |
| 12:15 | Create | Militia |
| 12:19 | Build | House |
| 12:24 | Build | House |
| 12:33 | Create | Militia |
| 12:38 | Build | House |
| 13:04 | Create | Militia |
| 13:15 | Build | Farm |
| 13:26 | Create | Villager (Male) |
| 13:29 | Create | Militia |
| 13:39 | Build | Farm |
| 14:01 | Create | Militia |
| 14:05 | Build | Farm |
| 14:08 | Build | Farm |
| 14:08 | Build | Farm |
| 14:09 | Build | Farm |
| 14:19 | Create | Villager (Male) |
| 14:38 | Create | Militia |
| 14:57 | Build | Farm |
| 15:13 | Create | Militia |
Build order — ksffvbh
0 actions detected in the replay
Build order — aszsgs
48 actions detected in the replay
| 0:04 | Create | Villager (Male) |
| 0:05 | Create | Villager (Male) |
| 0:05 | Create | Villager (Male) |
| 0:05 | Create | Villager (Male) |
| 0:06 | Create | Villager (Male) |
| 0:06 | Create | Villager (Male) |
| 0:08 | Research | Loom |
| 2:17 | Create | Villager (Male) |
| 2:17 | Create | Villager (Male) |
| 2:37 | Create | Villager (Male) |
| 2:38 | Create | Villager (Male) |
| 3:18 | Create | Villager (Male) |
| 3:19 | Create | Villager (Male) |
| 3:28 | Build | Mill |
| 4:51 | Create | Villager (Male) |
| 4:51 | Create | Villager (Male) |
| 5:23 | Create | Villager (Male) |
| 5:24 | Create | Villager (Male) |
| 5:24 | Create | Villager (Male) |
| 5:33 | Create | Villager (Male) |
| 5:34 | Create | Villager (Male) |
| 5:34 | Create | Villager (Male) |
| 5:55 | Create | Villager (Male) |
| 5:55 | Create | Villager (Male) |
| 6:33 | Build | Lumber Camp |
| 6:34 | Create | Villager (Male) |
| 6:34 | Create | Villager (Male) |
| 7:23 | Create | Villager (Male) |
| 7:24 | Create | Villager (Male) |
| 8:47 | Build | Farm |
| 8:51 | Build | Farm |
| 9:03 | Build | Farm |
| 9:11 | Build | Farm |
| 9:32 | Research | Feudal Age |
| 9:47 | Build | Mining Camp |
| 11:14 | Build | Farm |
| 11:16 | Build | Farm |
| 11:18 | Build | Farm |
| 11:20 | Build | Farm |
| 11:22 | Build | Farm |
| 11:25 | Build | Farm |
| 11:42 | Age | Feudal Age |
| 12:18 | Build | Mining Camp |
| 12:33 | Research | Wheelbarrow |
| 13:34 | Research | Double-Bit Axe |
| 13:36 | Create | Villager (Male) |
| 13:36 | Create | Villager (Male) |
| 14:23 | Create | Villager (Male) |
Build order — p4k
54 actions detected in the replay
| 0:01 | Create | Villager (Male) |
| 0:02 | Build | House |
| 0:05 | Build | House |
| 0:08 | Create | Villager (Male) |
| 0:08 | Create | Villager (Male) |
| 0:09 | Create | Villager (Male) |
| 0:09 | Create | Villager (Male) |
| 1:24 | Create | Villager (Male) |
| 2:18 | Create | Villager (Male) |
| 2:18 | Create | Villager (Male) |
| 2:20 | Create | Villager (Male) |
| 3:28 | Create | Villager (Male) |
| 3:28 | Create | Villager (Male) |
| 4:00 | Create | Villager (Male) |
| 4:01 | Create | Villager (Male) |
| 4:01 | Create | Villager (Male) |
| 4:47 | Build | House |
| 4:50 | Build | Lumber Camp |
| 5:00 | Build | House |
| 5:03 | Build | House |
| 5:09 | Create | Villager (Male) |
| 5:10 | Create | Villager (Male) |
| 5:10 | Create | Villager (Male) |
| 5:11 | Create | Villager (Male) |
| 5:11 | Create | Villager (Male) |
| 6:13 | Create | Villager (Male) |
| 6:13 | Create | Villager (Male) |
| 6:13 | Create | Villager (Male) |
| 6:25 | Create | Villager (Male) |
| 6:26 | Create | Villager (Male) |
| 7:35 | Build | Mill |
| 8:14 | Create | Villager (Male) |
| 8:14 | Create | Villager (Male) |
| 9:14 | Build | Mining Camp |
| 9:32 | Research | Feudal Age |
| 11:42 | Age | Feudal Age |
| 11:58 | Create | Villager (Male) |
| 11:59 | Research | Wheelbarrow |
| 12:03 | Research | Double-Bit Axe |
| 12:04 | Research | Horse Collar |
| 12:09 | Build | House |
| 12:11 | Build | House |
| 12:14 | Create | Villager (Male) |
| 12:17 | Research | Gold Mining |
| 12:31 | Build | Mill |
| 12:50 | Build | Farm |
| 12:53 | Build | Farm |
| 13:01 | Create | Villager (Male) |
| 13:01 | Create | Villager (Male) |
| 13:01 | Create | Villager (Male) |
| 13:43 | Research | Stone Mining |
| 14:44 | Build | Blacksmith |
| 15:06 | Build | Mining Camp |
| 15:15 | Build | Farm |
Match timeline
| 1:31 | ksffvbh · resign |
| 9:20 | kurry89 · first_building Barracks |
| 9:25 | 07jriley · first_building Dock |
| 10:09 | kubeszek · age_up feudal |
| 10:29 | kubeszek · first_building Barracks |
| 10:39 | 07jriley · age_up feudal |
| 10:44 | Xemcio · age_up feudal |
| 11:42 | p4k · age_up feudal |
| 11:42 | aszsgs · age_up feudal |
| 12:16 | kurry89 · age_up feudal |
[ AI ANALYSIS · 1 CREDIT ]
What really happened in this match?
Wolo.gg analyzes every decision: build order, eco, micro, common mistakes by bracket. Personalized analysis on WhatsApp or Discord in 30 seconds.
Civ guide
Japanese
Map guide
Seasons
Perfil
07jriley